Unix NetHack Version 5.0.0-0 post-release - last build May  3 2026 23:40:34 (9823c992c0763bbd039eca2974112f46eaf799b3,branch:main).

Game began 2026-05-04 07:40:50, ended 2026-05-04 09:37:13.

882400908, neutral male gnomish Wizard

                                                                       -------
                                                                      --..|..--
                                                                  -----.......|
                 |           ---                                ---..........--
                -#           |.                                 |............--
                #..          -.                              ----...---.......|
                -..           .    -----                     |......| |.......|
               #....---      -.-   |...|                  ----......---......--
               ##.....|---   |.|   |...|                  |....(.............--
           #    ### -.|..--  |.--- |...--              ----...........--.--..[|
             ##### -|.....-- |...---....-----          |....@.........|..||..--
           ....  ...--.--..| |................        --.....k.....|....--|..|
          -----  --....|-..| |.............-          |.......---..|.---- ----
               ---.....|...---...|......|             --......---....|
               -........*........--)..---              ---...........|
              |. ...----........*>...---------------------....---...)----------
              -....    -...|..................................................|
              .....   ...--|........-----.----------..................----
             ..--.   ----- ---......)......|       |...........|....---
           |..- --           --..|..---..<--       --..--.|.|.---..--
           ---                ------- -----         ----------- ----
882400908 the Evoker      St:9 Dx:11 Co:16 In:19 Wi:10 Ch:9  Neutral
Dlvl:3  $:78 HP:0(16) Pw:19(19) AC:9  Xp:2 T:3684  Weak     Burdened

Latest messages:
 You swap places with your large cat.
 You see here a rock.
 You see here a dagger.
 The large cat picks up a rock.
 The large cat drops a rock.
 You see here 6 rocks.
 The large cat picks up a rock.
 You are beginning to feel hungry.
 There is nothing here to pick up.
 You see here 6 rocks.
 You hear crashing rock.
 You hear crashing rock.
 The large cat bites the gas spore.
 The large cat bites the gas spore.
 The large cat bites the gas spore.
 The gas spore is killed!
 Boom!
 The large cat is caught in the gas spore's explosion!
 Are you waiting to get hit?  Use 'm' prefix to force a no-op (to rest).
 Are you waiting to get hit?  Use 'm' prefix to force a no-op (to rest).
 Are you waiting to get hit?  Use 'm' prefix to force a no-op (to rest).
 Are you waiting to get hit?  Use 'm' prefix to force a no-op (to rest).
 Are you waiting to get hit?  Use 'm' prefix to force a no-op (to rest).
 Are you waiting to get hit?  Use 'm' prefix to force a no-op (to rest).
 Are you waiting to get hit?  Use 'm' prefix to force a no-op (to rest).
 Are you waiting to get hit?  Use 'm' prefix to force a no-op (to rest).
 Are you waiting to get hit?  Use 'm' prefix to force a no-op (to rest).
 You destroy the kobold zombie!
 You see here a tinning kit.
 Wizard needs food, badly!
 Your movements are slowed slightly because of your load.
 You swap places with your large cat.
 You swap places with your large cat.
 There is nothing here to pick up.
 There is nothing here to pick up.
 The large cat bites the dwarf.
 The dwarf is killed!
 Your large cat eats a dwarf corpse.
 There is nothing here to pick up.
 The kobold wields a dagger!
 The kobold thrusts his dagger.
 The kobold hits!
 The kobold thrusts his dagger.
 The kobold hits!
 You die...
 Do you want your possessions identified? [ynq] (y) y
 Do you want to see your attributes? [ynq] (y) y
 Do you want an account of creatures vanquished? [ynaq] (y) y
 Do you want to see your conduct and achievements? [ynq] (y) y
 Do you want to see the dungeon overview? [ynq] (y) y

Inventory:
 Coins    ('$')
  $ - 78 gold pieces
 Weapons  (')')
  a - a blessed +1 quarterstaff named scooby (weapon in hands)
 Armor    ('[')
  b - an uncursed +0 cloak of magic resistance (being worn)
  s - an uncursed +0 dwarvish cloak
 Scrolls  ('?')
  k - an uncursed scroll of confuse monster
  w - an uncursed scroll of enchant armor
  q - an uncursed scroll of identify
  j - 2 uncursed scrolls of light
  i - an uncursed scroll of remove curse
 Spellbooks  ('+')
  l - a blessed spellbook of force bolt
  m - an uncursed spellbook of light
 Potions  ('!')
  h - an uncursed potion of booze
  f - an uncursed potion of oil
  g - an uncursed potion of sickness
 Rings    ('=')
  e - an uncursed ring of shock resistance
  d - an uncursed ring of warning
 Wands    ('/')
  c - a wand of light (0:14)
 Tools    ('(')
  r - an uncursed locked large box containing 2 items
  o - an uncursed blindfold
  n - a magic marker (0:20)
 Gems/Stones  ('*')
  p - an uncursed aquamarine stone
  t - an uncursed worthless piece of violet glass

Contents of the large box:
  2 uncursed food rations
  an uncursed potion of healing

882400908 the Wizard's attributes:

Background:
 You were an Evoker, a level 2 male gnomish Wizard.
 You were neutral, nominally on a mission for Thoth
 who was opposed by Ptah (lawful) and Anhur (chaotic).
 You were right-handed.
 You were in the Gnomish Mines, on level 3.
 You entered the dungeon 3684 turns ago.
 There was a full moon in effect when your adventure ended.
 You had 29 experience points, 11 more were needed to attain level 3.

Basics:
 You had 0 out of 16 hit points.
 You had all 19 energy points (spell power).
 Your armor class was 9.
 Your wallet contained 78 zorkmids.
 Autopickup was off.

Final Characteristics:
 Your strength was 9 (base:10, limit:18/50).
 Your dexterity was 11 (limit:18).
 Your constitution was 16 (limit:18).
 Your intelligence was 19 (limit:19).
 Your wisdom was 10 (limit:18).
 Your charisma was 9 (limit:18).

Final Status:
 You were weak from severe hunger.
 You were burdened; movement was slightly slowed.
 You were wielding a quarterstaff.
 You had basic skill with quarterstaff.

Final Attributes:
 You were devoutly aligned.
 You were magic-protected.
 You had infravision.
 You were warded.
 You were lucky.
 You are dead.

Miscellaneous:
 You didn't encounter any bones levels.
 Total elapsed playing time was 1 hour, 55 minutes and 23 seconds.

Major events:
 Turn
    1: 882400908 the neutral male gnomish Wizard entered the dungeon
 3313: entered the Gnomish Mines
 3684: killed by a kobold

Spells:
 Name                 Level Category     Fail Retention
 force bolt             1   attack         0%   81%-90%
 light                  1   divination     0%  76%-100%

Skills:
 Fighting Skills
   bare handed combat [Unskilled]
   riding             [Unskilled]
 Weapon Skills
   dagger             [Unskilled]
   knife              [Unskilled]
   axe                [Unskilled]
   short sword        [Unskilled]
   club               [Unskilled]
   mace               [Unskilled]
   quarterstaff       [Basic]
   polearms           [Unskilled]
   spear              [Unskilled]
   trident            [Unskilled]
   sling              [Unskilled]
   dart               [Unskilled]
   shuriken           [Unskilled]
 Spellcasting Skills
   attack spells      [Basic]
   healing spells     [Unskilled]
   divination spells  [Unskilled]
   enchantment spells [Basic]
   clerical spells    [Unskilled]
   escape spells      [Unskilled]
   matter spells      [Unskilled]

Voluntary challenges:
 Character rerolling was not enabled.
 You were an atheist.
 You were illiterate.
 You never genocided any monsters.
 You never polymorphed an object.
 You never changed form.
 You used no wishes.
Achievement:
 You entered the Gnomish Mines.

 The Dungeons of Doom: levels 1 to 3
    Level 1:
       An altar, a fountain, a grave.
    Level 2:
       A fountain.
       Stairs down to The Gnomish Mines.
    Level 3:
       A grave.
 The Gnomish Mines:
    Level 3: <- You were here.
       Final resting place for
          you, killed by a kobold.


Vanquished creatures:
  a shrieker
  a dwarf
  4 acid blobs
  a gas spore
  2 hobbits
  a large kobold
  3 giant rats
  3 yellow molds
  2 gnome zombies
  7 geckos
 17 jackals
  a kobold
  4 goblins
  a sewer rat
 14 grid bugs
  4 lichens
  5 kobold zombies
  7 newts
78 creatures vanquished.

No species were genocided or became extinct.

Game over:
                       ----------
                      /          \
                     /    REST    \
                    /      IN      \
                   /     PEACE      \
                  /                  \
                  |    882400908     |
                  |      78 Au       |
                  |   killed by a    |
                  |      kobold      |
                  |                  |
                  |                  |
                  |       2026       |
                 *|     *  *  *      | *
        _________)/\\_//(\/(/\)/\//\/|_)_______

Goodbye 882400908 the Wizard...

You died in The Gnomish Mines on dungeon level 3 with 287 points,
and 78 pieces of gold, after 3684 moves.
You were level 2 with a maximum of 16 hit points when you died.

